 Dungeon Crawl Stone Soup version 0.29.1-15-g9cfb28693d (webtiles) character file.

Game seed: 5505676094234318272

69 joshua the Shield-Bearer (level 4, -2/41 HPs)
             Began as a Minotaur Fighter on Mar 24, 2023.
             Slain by a gnoll
             ... wielding a +0 halberd
              (8 damage)
             ... on level 2 of the Dungeon.
             The game lasted 00:06:54 (1110 turns).

joshua the Shield-Bearer (Minotaur Fighter)         Turns: 1110, Time: 00:06:55

Health: -2/41      AC:  9    Str: 23    XL:     4   Next: 2%
Magic:  3/3        EV:  7    Int:  5    God:
Gold:   108        SH:  4    Dex:  9    Spells: 3/3 levels left

rFire   . . .      SeeInvis .   a - +0 war axe
rCold   . . .      Faith    .   c - +0 buckler
rNeg    . . .      Spirit   .   f - +0 chain mail
rPois   .          Reflect  .   (helmet restricted)
rElec   .          Harm     .   (no cloak)
rCorr   .          Rampage  .   (no gloves)
Will    .....                   (no boots)
Stlth   ..........              (no amulet)
HPRegen 0.13/turn               h - +4 ring of slaying
MPRegen 0.08/turn               k - ring of flight

@: mighty, flying
A: horns 2, retaliatory headbutt
a: no special abilities


You were on level 2 of the Dungeon.
You visited 1 branch of the dungeon, and saw 2 of its levels.

You collected 108 gold pieces.

Inventory:

Hand Weapons
 a - a +0 war axe (weapon)
Missiles
 j - 4 poisoned darts (quivered)
Armour
 b - a +0 scale mail
 c - a +0 buckler (worn)
 f - a +0 chain mail (worn)
Jewellery
 h - a +4 ring of slaying (left hand)
 k - a ring of flight (right hand)
Scrolls
 e - 2 scrolls of enchant weapon {unknown}
 g - 2 scrolls of vulnerability {unknown}
 i - a scroll of amnesia {unknown}
 l - a scroll of teleportation {unknown}
 m - a scroll of brand weapon {unknown}
 n - 3 scrolls of identify {unknown}
Potions
 o - a potion of haste {unknown}


   Skills:
 + Level 4.3 Fighting
 + Level 3.3 Axes
 + Level 4.3 Armour
 + Level 4.3 Shields


You had 3 spell levels left.
You didn't know any spells.
Your spell library was empty.

Dungeon Overview and Level Annotations

Branches:
Dungeon (2/15)

Altars:
Qazlal

Shops:
D:2 :


Innate Abilities, Weirdness & Mutations

You have a pair of horns on your head.
You reflexively headbutt those who attack you in melee.


Message History

The bat barely misses you. You furiously retaliate!
You headbutt the bat!
You kill the bat!
No target in view!
No target in view!
No target in view!
A gnoll comes into view. It is wielding a +0 club.
The gnoll shouts!
A gnoll comes into view. It is wielding a +0 spear.
A gnoll comes into view. It is wielding a +0 halberd.
You throw a poisoned dart.
The poisoned dart barely misses the gnoll.
The gnoll shouts!
You throw a poisoned dart. The poisoned dart hits the gnoll.
The gnoll is poisoned.
You block the gnoll's attack.
You slice the gnoll!!
You kill the gnoll!
The gnoll hits you from afar with a +0 spear.
The gnoll hits you with a +0 spear.
The gnoll hits you from afar with a +0 halberd!
You closely miss the gnoll.
The gnoll is heavily wounded.
The gnoll hits you but does no damage.
The gnoll hits you from afar with a +0 halberd!
* * * LOW HITPOINT WARNING * * *
The gnoll hits you from afar with a +0 halberd.
* * * LOW HITPOINT WARNING * * *
The gnoll hits you but does no damage.
You are too injured to fight recklessly!
You feel very mighty all of a sudden. The gnoll closely misses you.
You furiously retaliate!
You headbutt the gnoll!!
You kill the gnoll!
The gnoll hits you from afar with a +0 halberd.
* * * LOW HITPOINT WARNING * * *
You have reached level 4!
You feel stronger. The gnoll barely misses you.
Things that are here:
a +0 spear; a +0 club; a gnoll corpse You barely miss the gnoll.
The gnoll hits you with a +0 halberd!
You die...

#.# #.# #.#
# #.# .# #.#
..# #.# #.#
#.# #.. #.#
#####(#.#.##
#.#
#...@g......
#.#
#.###.#.#.#.
###.#
#.####...#
....#
#>.†....#
######
#.#######
.....# #.#
####.# #.# #
#.# #.# #
#.#
#.#######


You could see a gnoll.

Vanquished Creatures
  2 gnolls (D:2)
  An adder (D:2)
  A dart slug (D:1)
  4 bats
  4 endoplasms
  2 giant cockroaches
  4 goblins
  3 hobgoblins
  2 kobolds (D:2)
  2 quokkas
  3 ball pythons
  4 frilled lizards
  7 rats
39 creatures vanquished.

Notes
Turn   | Place    | Note
-------+----------+-------------------------------------------
     0 | D:1      | joshua the Minotaur Fighter began the quest for the Orb.
     0 | D:1      | Reached XP level 1. HP: 19/19 MP: 0/0
    19 | D:1      | Found a faded altar of an unknown god.
   125 | D:1      | Reached XP level 2. HP: 27/27 MP: 1/1
   702 | D:2      | Found Cap Carr's Book Shoppe.
   706 | D:2      | Reached XP level 3. HP: 33/33 MP: 2/2
   977 | D:2      | Found a stormy altar of Qazlal.
  1109 | D:2      | Reached XP level 4. HP: 5/41 MP: 3/3
  1110 | D:2      | Slain by a gnoll

Illustrated notes

Levels and vault maps discovered:
D:1:      mrwooster_arrival_statue_2, layout_rooms,
          chequers_ecumenical_altar_simple
D:2:      layout_loops_ring, basic_altar, serial_shops, nicolae_shop_trees

Skill      XL: |  1  2 |
---------------+-------+-----
Armour         | 4 |  4.3
Shields        | 4 |  4.3
Fighting       | 4 |  4.3
Axes           | 3 |  3.3

Action                   |  1- 3 |  4- 6 || total
-------------------------+-------+-------++-------
Melee: War axe           |    69 |     1 ||    70
       Headbutt          |     2 |       ||     2
Throw: Dart              |     4 |       ||     4
  Use: Potion            |     1 |       ||     1
Armor: Scale mail        |     9 |       ||     9
       Chain mail        |    35 |       ||    35
Dodge: Dodged            |    29 |     1 ||    30
Block: Buckler           |     9 |       ||     9
